 Dungeon Crawl Stone Soup version 0.25.1-8-g42b30a86e7 (webtiles) character file.

Game seed: 7698509283830090911

256 Clowwww the Chopper (level 6, -1/52 HPs)
             Began as a Hill Orc Fighter on Dec 2, 2020.
             Killed by nerve-wracking pain
             ... invoked by an orc priest
              (8 damage)
             ... on level 4 of the Dungeon.
             The game lasted 00:04:42 (2072 turns).

Clowwww the Chopper (Hill Orc Fighter)              Turns: 2072, Time: 00:04:43

Health: -1/52      AC:  7    Str: 21    XL:     6   Next: 15%
Magic:  6/6        EV:  8    Int:  8    God:
Gold:   164        SH:  9    Dex: 10    Spells: 5/5 levels left

rFire    . . .     SeeInvis .   a - +0 war axe
rCold    . . .     Gourm    .   c - +0 kite shield
rNeg     . . .     Faith    .   b - +0 scale mail
rPois    .         Spirit   .   (no helmet)
rElec    .         Reflect  .   (no cloak)
rCorr    .         Harm     .   (no gloves)
MR       .....                  (no boots)
Stlth    ..........             (no amulet)
HPRegen  0.17/turn              (no ring)
MPRegen  0.10/turn              (no ring)

@: no status effects
A: no striking features
a: Convert to Beogh


You were on level 4 of the Dungeon.
You were hungry.

You visited 1 branch of the dungeon, and saw 3 of its levels.

You collected 164 gold pieces.

Inventory:

Hand Weapons
 a - a +0 war axe (weapon)
Armour
 b - a +0 scale mail (worn)
 c - a +0 kite shield (worn)
Jewellery
 g - a cursed amulet of guardian spirit {unknown}
Scrolls
 d - a scroll of identify {unknown}
 i - a scroll of enchant weapon {unknown}
 j - 4 scrolls of remove curse {unknown}
 k - a scroll of fear {unknown}
 l - a scroll of enchant armour {unknown}
 m - a scroll of magic mapping {unknown}
 n - a scroll of blinking {unknown}
 p - 3 scrolls of immolation {unknown}
 q - a scroll of amnesia {unknown}
Potions
 e - a potion of invisibility {unknown}
 h - 3 potions of haste
 o - 2 potions of degeneration {unknown}
 r - a potion of heal wounds {unknown}
 s - a potion of brilliance {unknown}
Comestibles
 f - 4 rations
 t - a chunk of flesh


   Skills:
 + Level 4.2 Fighting
 + Level 5.5 Axes
 + Level 4.6 Armour
 + Level 1.1 Dodging
 + Level 4.2 Shields


You had 5 spell levels left.
You didn't know any spells.
Your spell library was empty.

Dungeon Overview and Level Annotations

Branches:
Dungeon (2/15)

Altars:


Message History

Your shield and scale mail prevent you from hitting the orc priest.
The orc priest is heavily wounded.
You hit the orc wizard but do no damage.
The orc wizard casts a spell at you. The magic dart hits you.
* * * LOW HITPOINT WARNING * * *
You block the orc priest's attack. You block the orc wizard's attack.
You closely miss the orc wizard.
The orc wizard is severely wounded.
Your shield prevents you from hitting the orc priest.
You block the orc wizard's attack.
The orc priest hits you with a +0 trident.
* * * LOW HITPOINT WARNING * * *
The orc wizard hits you but does no damage.
You slash the orc wizard!
You kill the orc wizard!
You hit the orc priest.
The orc priest mumbles some strange prayers to Beogh against you.
Pain shoots through your body!
You die...

#.####....#
#....')...#
######[...#######
#....#.....#
#....#...>.#
#....#.....#
###'##.....#
#.##..o..#
#.##<.@).#
#.##.....#
#.##.....#
#.##.....#
#.##)....#
#.##.....##
#.##......#
#.##......#
#.###.###.#


You could see an orc priest.

Vanquished Creatures
  A phantom (D:4)
  A scorpion (D:4)
  A bullfrog zombie (D:2)
  An orc wizard (D:4)
  Terence (D:2)
  An adder skeleton (D:4)
  2 leopard geckos
  3 orcs (D:4)
  2 ball pythons (D:1)
  4 bats
  2 giant cockroaches (D:1)
  A goblin (D:1)
  3 hobgoblins
  2 frilled lizards (D:1)
  3 kobolds (D:1)
  A rat (D:2)
29 creatures vanquished.

Notes
Turn   | Place    | Note
-------+----------+-------------------------------------------
     0 | D:1      | Clowwww the Hill Orc Fighter began the quest for the Orb.
     0 | D:1      | Reached XP level 1. HP: 19/19 MP: 1/1
   344 | D:1      | Reached skill level 3 in Axes
   344 | D:1      | Reached XP level 2. HP: 20/26 MP: 2/2
   819 | D:2      | Reached skill level 4 in Axes
   819 | D:2      | Reached XP level 3. HP: 11/33 MP: 3/3
  1021 | D:2      | Noticed Terence
  1046 | D:2      | Killed Terence
  1046 | D:2      | Reached XP level 4. HP: 16/40 MP: 4/4
  1268 | D:2      | You fall into a shaft and drop 2 floors!
  1319 | D:4      | Noticed a phantom
  1367 | D:4      | Killed a phantom
  1367 | D:4      | Reached skill level 5 in Axes
  1367 | D:4      | Reached skill level 1 in Dodging
  1367 | D:4      | Reached XP level 5. HP: 4/46 MP: 5/5
  2000 | D:4      | Reached XP level 6. HP: 52/52 MP: 6/6
  2072 | D:4      | Killed from afar by an orc priest

Illustrated notes

Levels and vault maps discovered:
D:1:      dpeg_arrival_shelter, layout_rooms, minmay_shallow_snake_nest
D:2:      layout_loops_ring, nicolae_qazlal_eye_of_the_storm,
          grunt_nemelex_the_gamble, uniq_terence
D:4:      layout_basic, first_ration

Skill      XL: |  1  2  3  4 |
---------------+-------------+-----
Axes           | 3 4 5 |  5.5
Fighting       | 4 |  4.2
Armour         | 4 |  4.6
Dodging        | 1 |  1.1
Shields        | 4 |  4.2

Action                   |  1- 3 |  4- 6 || total
-------------------------+-------+-------++-------
Melee: War axe           |    86 |    67 ||   153
  Use: Potion            |       |     1 ||     1
  Eat: Ration            |       |     1 ||     1
Armor: Scale mail        |    27 |    23 ||    50
Dodge: Dodged            |    27 |    24 ||    51
Block: Kite shield       |    50 |    39 ||    89
